 Dungeon Crawl Stone Soup version 0.19.5 (webtiles) character file.

77 McKennaii the Gusty (level 4, -1/27 HPs)
             Began as a High Elf Air Elementalist on Apr 23, 2017.
             Slain by an adder (4 damage)
             ... on level 1 of the Dungeon.
             The game lasted 00:03:51 (1521 turns).

McKennaii the Gusty (High Elf Air Elementalist)     Turns: 1521, Time: 00:03:52

Health: -1/27      AC:  2    Str:  6 (7)  XL:     4   Next: 14%
Magic:  0/10       EV: 12    Int: 18 (20) God:
Gold:   41         SH:  0    Dex: 12 (15) Spells: 3 memorised, 5 levels left

rFire  . . .     SeeInvis .     (no weapon)
rCold  . . .     Gourm    .     a - +0 robe
rNeg   . . .     Faith    .     (no shield)
rPois  .         Spirit   .     (no helmet)
rElec  .         Reflect  .     (no cloak)
rCorr  .         Harm     .     (no gloves)
MR     .....                    (no boots)
Stlth  ++........               (no amulet)
                                (no ring)
                                (no ring)

@: lethally poisoned (-1 -> -12), very slightly contaminated
A: no striking features
a: no special abilities


You were on level 1 of the Dungeon.
You were not hungry.

You visited 1 branch of the dungeon, and saw 2 of its levels.

You collected 41 gold pieces.

Inventory:

Armour
 a - a +0 robe (worn)
Scrolls
 d - 2 scrolls of identify {unknown}
 f - a scroll of recharging {unknown}
 g - 2 scrolls of remove curse {unknown}
Potions
 e - 2 potions of berserk rage {unknown}
Books
 b - a book of Air

   Spells                             Type                      Level
   a - Shock                          Conjuration/Air              1
   b - Swiftness                      Charms/Air                   2
   c - Repel Missiles                 Charms/Air                   2
   d - Static Discharge               Conjuration/Air              3
   e - Lightning Bolt                 Conjuration/Air              5
Comestibles
 c - 2 bread rations


   Skills:
 + Level 2.3 Dodging
 + Level 2.5 Stealth
 + Level 3.5 Spellcasting
 + Level 1.5 Conjurations
 + Level 4.8 Air Magic


You had 5 spell levels left.
You knew the following spells:

 Your Spells              Type           Power        Failure   Level  Hunger
a - Shock                 Conj/Air       ##..         4%          1    None
b - Swiftness             Chrm/Air       ##......     12%         2    ##.....
c - Repel Missiles        Chrm/Air       ##....       12%         2    ##.....


Dungeon Overview and Level Annotations

Branches:
Dungeon (2/15)

Altars:
Ashenzari
Cheibriados
Nemelex Xobeh
Okawaru


Message History

Press: ? - help, Shift-Dir - straight line You miscast Shock.
You are very lightly contaminated with residual magic.
There is a short, sharp shower of sparks.
The adder bites you.
* * * LOW HITPOINT WARNING * * *
You are lethally poisoned!
The adder poisons you! The adder misses you.
You hit the adder but do no damage.
The adder is almost dead.
* * * LOW HITPOINT WARNING * * *
You feel sick. The adder bites you.
* * * LOW HITPOINT WARNING * * *
You are more poisoned.
The adder poisons you!
You barely miss the adder.
The adder is almost dead.
* * * LOW HITPOINT WARNING * * *
You feel sick. The adder bites you.
You die...

#.#######..###.#...†.
##.......⌠.⌠.......#..
#........._...#.#..###
#.#######⌠.⌠#.#.#..#
#.#.........#.#.#..#
#.##........#.#.######
#.#########...........
###.#...S...)>..........
#......@#####......#####
#.......# #......#
#.......#####......#
#..................####
#.....................#
##.....................##
#......##................
#......##........####...#
#......#######....###...#


You could see an adder.

Vanquished Creatures
  2 adders (D:2)
  2 gnolls (D:2)
  6 bats
  2 giant cockroaches (D:1)
  4 goblins
  2 hobgoblins (D:1)
  8 jackals (D:1)
  3 kobolds
  A quokka (D:2)
  3 frilled lizards
  4 rats
37 creatures vanquished.

Notes
Turn   | Place    | Note
-------+----------+-------------------------------------------
     0 | D:1      | McKennaii the High Elf Air Elementalist began the quest for the Orb.
     0 | D:1      | Reached XP level 1. HP: 11/11 MP: 4/4
    78 | D:1      | Reached skill level 4 in Air Magic
   164 | D:1      | Reached XP level 2. HP: 12/17 MP: 3/6
   168 | D:1      | Learned a level 2 spell: Swiftness
   171 | D:1      | Learned a level 2 spell: Repel Missiles
   654 | D:1      | Found a sparkling altar of Nemelex Xobeh.
  1132 | D:2      | Found a shattered altar of Ashenzari.
  1137 | D:2      | Reached XP level 3. HP: 21/21 MP: 2/8
  1414 | D:2      | Found an iron altar of Okawaru.
  1434 | D:2      | Found a snail-covered altar of Cheibriados.
  1471 | D:2      | Reached XP level 4. HP: 22/27 MP: 3/10
  1521 | D:1      | Slain by an adder

Skill      XL: |  1  2 |
---------------+-------+-----
Air Magic      | 4 |  4.8
Spellcasting   | 3 |  3.5
Dodging        | |  2.3
Stealth        | |  2.5
Conjurations   | |  1.5

Action                   |  1- 3 |  4- 6 || total
-------------------------+-------+-------++-------
Melee: Unarmed           |       |     2 ||     2
 Cast: Shock             |    69 |     9 ||    78
  Use: Potion            |     2 |       ||     2
  Eat: Bread ration      |     1 |       ||     1
Armor: Robe              |    11 |     1 ||    12
Dodge: Dodged            |    16 |    11 ||    27
